 Dungeon Crawl Stone Soup version 0.24-a0-235-g3f03afc (webtiles) character file.

Game seed: 3616031704281637483

816578 Lianjan the Conqueror (level 27, -5/179 HPs)
             Began as a Gargoyle Monk on Apr 7, 2019.
             Was a High Priest of Nemelex Xobeh.
             Slain by Gehisej the pandemonium lord (20 damage)
             ... in Pandemonium on Apr 8, 2019.
             The game lasted 04:13:12 (94942 turns).

Lianjan the Conqueror (Gargoyle Monk)              Turns: 94942, Time: 04:13:13

Health: -5/179     AC: 69    Str: 21      XL:     27
Magic:  7/9        EV: 10    Int:  4 (17) God:    Nemelex Xobeh [*****.]
Gold:   2843       SH: 10    Dex: 10      Spells: 22/26 levels left

rFire    + + +     SeeInvis +   B - +9 demon whip (antimagic)
rCold    + + +     Gourm    .   f - +0 buckler {rC+ rF+}
rNeg     + + +     Faith    .   w - +12 gold dragon scales
rPois    ∞         Spirit   .   (no helmet)
rElec    +         Reflect  .   Y - scarf {rC+ rF+}
rCorr    .         Harm     .   X - +0 pair of gloves
MR       +++..     Rnd*Rage +   K - +2 pair of boots {Fly}
Stlth    ..........             k - amulet of regeneration
HPRegen  0.00/turn              a - ring "Sanaefyv" {rC+ rN+}
MPRegen  0.11/turn              N - ring "Siolerou" {rC- rN+ MR+++ Str+3 SInv}

@: vulnerable, sap magic, berserk cooldown, slowed, studying 2 skills, very slow
A: big wings, claws 1, iridescent scales 1, thin skeletal structure 1, yellow
scales 1, berserk 2, blurry vision 1, clumsy 2, deterioration 2, frail 1, low mp
2, magic resistance 1, negative energy resistance 1, screaming 1, electricity
resistance, inhibited regeneration, weak 2, unbreathing, petrification
resistance, no potion heal 2, rot immunity, AC +20
}: 6/15 runes: barnacled, slimy, silver, abyssal, glowing, gossamer
a: Fly, Draw Escape, Draw Destruction, Draw Summoning, Draw Stack, Triple Draw,
Deal Four, Stack Five, Renounce Religion, Evoke Flight


You were in Pandemonium.
You worshipped Nemelex Xobeh.
Nemelex Xobeh was extremely pleased with you.
You were not hungry.

You visited 14 branches of the dungeon, and saw 62 of its levels.
You visited Pandemonium 1 time, and saw 3 of its levels.
You visited the Abyss 2 times.
You visited 1 bazaar.
You also visited: Bailey, Ice Cave and Volcano.

You collected 8756 gold pieces.
You spent 5913 gold pieces at shops.

Inventory:

Hand Weapons
 z - the +10 broad axe of Dominance {freeze, rElec rC+ rN+ MP-9 Stlth+}
   (You bought it in a shop on level 5 of the Dungeon)

   It has been specially enchanted to freeze those struck by it, causing extra
   injury to most foes and up to half again as much damage against particularly
   susceptible opponents.
   It can also slow down cold-blooded creatures.
   It protects you from cold.
   It insulates you from electricity.
   It protects you from negative energy.
   It affects your magic capacity (-9).
   It makes you more stealthy.
 B - a +9 antimagic demon whip (weapon)
 G - a +0 sacred scourge of holy wrath
Missiles
 v - 18 throwing nets (quivered)
Armour
 f - a +0 buckler of resistance (worn)
 w - +12 gold dragon scales (worn)
 y - a +2 helmet of see invisible
 K - a +2 pair of boots of flying (worn)
 X - a +0 pair of gloves (worn)
 Y - a scarf of resistance (worn)
Jewellery
 a - the ring "Sanaefyv" (left hand) {rC+ rN+}
   (You took it off a deep elf sorcerer on level 3 of the Elven Halls)

   [ring of protection from cold]

   It protects you from cold.
   It protects you from negative energy.
 k - an amulet of regeneration (around neck)
 s - an uncursed ring of resist corrosion
 N - the ring "Siolerou" (right hand) {rC- rN+ MR+++ Str+3 SInv}
   (You took it off a skeletal warrior on level 3 of the Crypt)

   [ring of positive energy]

   It affects your strength (+3).
   It makes you vulnerable to cold.
   It protects you from negative energy.
   It affects your resistance to hostile enchantments.
   It lets you see invisible.
Wands
 m - a wand of digging (5)
 p - a wand of clouds (7)
 A - a wand of scattershot (5)
 I - a wand of paralysis (56)
 J - a wand of acid (21)
 Q - a wand of disintegration (16)
 T - a wand of iceblast (58)
Scrolls
 i - 7 scrolls of blinking
 j - 26 scrolls of teleportation
 r - 4 scrolls of fear
 D - a scroll of holy word
 H - 23 scrolls of identify
 O - 4 scrolls of immolation
 U - 7 scrolls of magic mapping
 V - 9 scrolls of fog
Potions
 b - 4 potions of lignification
 d - 3 potions of invisibility
 e - 11 potions of haste
 g - 10 potions of brilliance
 h - 2 potions of resistance
 o - 2 potions of cancellation
 q - 22 potions of curing
 t - 9 potions of might
 u - 2 potions of heal wounds
 x - 7 potions of agility
 C - 5 potions of berserk rage
 Z - 4 potions of magic
Books
 L - a manual of Maces & Flails
 P - a manual of Invocations
Miscellaneous
 l - a lightning rod (4/4)
 n - a phial of floods
 E - a box of beasts
 F - a fan of gales
 W - a lamp of fire
Comestibles
 c - 87 rations
 M - 3 chunks of flesh


   Skills:
 O Level 27 Fighting
 - Level 17.5(18.0) Axes
 - Level 8.2(14.7) Maces & Flails
 O Level 27 Armour
 * Level 8.7 Dodging
 - Level 2.1 Stealth
 - Level 25.0 Shields
 - Level 6.0 Hexes
 + Level 9.2 Charms
 + Level 8.4 Necromancy
 - Level 20.0 Invocations
 + Level 9.2 Evocations


You had 22 spell levels left.
You knew the following spells:

 Your Spells              Type           Power        Failure   Level  Hunger
a - Confusing Touch       Hex            #.....       43%         1    ##.....
b - Regeneration          Chrm/Necr      #.........   41%         3    ####...

Your spell library contained the following spells:

 Spells                   Type           Power        Failure   Level  Hunger
 Animate Skeleton         Necr           N/A          17%         1    ##.....
 Pain                     Necr           #...         17%         1    ##.....
 Corpse Rot               Necr           N/A          26%         2    ###....
 Vampiric Draining        Necr           #.........   45%         3    ####...
 Slow                     Hex            #.......     56%         2    ###....
 Shroud of Golubria       Chrm/Tloc      #.........   77%         2    ###....
 Swiftness                Chrm/Air       #.......     77%         2    ###....
 Confuse                  Hex            #.......     80%         3    ####...
 Tukima's Dance           Hex            #.......     80%         3    ####...
 Animate Dead             Necr           N/A          86%         4    #####..
 Ozocubu's Armour         Chrm/Ice       #.......     94%         3    ####...
 Apportation              Tloc           #.....       99%         1    ##.....
 Beastly Appendage        Tmut           #.....       99%         1    ##.....
 Freeze                   Ice            #...         99%         1    ##.....
 Magic Dart               Conj           #...         99%         1    ##.....
 Sandblast                Erth           #.....       99%         1    ##.....
 Sting                    Conj/Pois      #...         99%         1    ##.....
 Summon Butterflies       Summ           #.......     99%         1    ##.....
 Summon Small Mammal      Summ           #...         99%         1    ##.....
 Dazzling Spray           Conj/Hex       #.....       99%         3    ####...
 Portal Projectile        Hex/Tloc       #.....       99%         3    ####...
 Cause Fear               Hex            #.........   99%         4    #####..
 Agony                    Necr           #.......     99%         5    ######.
 Dispel Undead            Necr           #.......     99%         5    ######.
 Excruciating Wounds      Chrm/Necr      #.........   99%         5    ######.
 Blink                    Tloc           N/A          100%        2    ###....
 Call Imp                 Summ           #.......     100%        2    ###....
 Passwall                 Tmut/Erth      #.......     100%        2    ###....
 Poisonous Vapours        Pois/Air       #.....       100%        2    ###....
 Searing Ray              Conj           #.....       100%        2    ###....
 Sticks to Snakes         Tmut           #.......     100%        2    ###....
 Throw Flame              Conj/Fire      #.....       100%        2    ###....
 Throw Frost              Conj/Ice       #.....       100%        2    ###....
 Call Canine Familiar     Summ           #.......     100%        3    ####...
 Conjure Flame            Conj/Fire      #.......     100%        3    ####...
 Gell's Gravitas          Tloc           #.........   100%        3    ####...
 Lesser Beckoning         Tloc           #.........   100%        3    ####...
 Mephitic Cloud           Conj/Pois/Air  #.......     100%        3    ####...
 Recall                   Summ/Tloc      N/A          100%        3    ####...
 Spider Form              Tmut/Pois      #.........   100%        3    ####...
 Static Discharge         Conj/Air       #.......     100%        3    ####...
 Stone Arrow              Conj/Erth      #.....       100%        3    ####...
 Teleport Other           Tloc           #.......     100%        3    ####...
 Force Lance              Conj/Tloc      #.......     100%        4    #####..
 Fulminant Prism          Conj/Hex       #.........   100%        4    #####..
 Iskenderun's Mystic Bla  Conj           #.......     100%        4    #####..
 Olgreb's Toxic Radiance  Pois           #.......     100%        4    #####..
 Passage of Golubria      Tloc           N/A          100%        4    #####..
 Petrify                  Tmut/Erth      #.......     100%        4    #####..
 Summon Ice Beast         Ice/Summ       #.......     100%        4    #####..
 Summon Lightning Spire   Summ/Air       #.......     100%        4    #####..
 Throw Icicle             Conj/Ice       #.......     100%        4    #####..
 Alistair's Intoxication  Tmut/Pois      #.......     100%        5    ######.
 Aura of Abjuration       Summ           #.........   100%        5    ######.
 Bolt of Draining         Conj/Necr      #.........   100%        5    ######.
 Borgnjor's Vile Clutch   Necr/Erth      #.........   100%        5    ######.
 Irradiate                Conj/Tmut      #.........   100%        5    ######.
 Iskenderun's Battlesphe  Conj/Chrm      #.......     100%        5    ######.
 Lee's Rapid Deconstruct  Erth           #.........   100%        5    ######.
 Lightning Bolt           Conj/Air       #.........   100%        5    ######.
 Metabolic Englaciation   Hex/Ice        #.........   100%        5    ######.
 Silence                  Hex/Air        #.........   100%        5    ######.
 Summon Forest            Summ/Tloc      #.........   100%        5    ######.
 Summon Mana Viper        Hex/Summ       #.......     100%        5    ######.
 Venom Bolt               Conj/Pois      #.........   100%        5    ######.
 Yara's Violent Unravell  Hex/Tmut       #.........   100%        5    ######.
 Conjure Ball Lightning   Conj/Air       #.........   100%        6    #######
 Darkness                 Hex            #.........   100%        6    #######
 Death Channel            Necr           #.........   100%        6    #######
 Deflect Missiles         Chrm/Air       #.........   100%        6    #######
 Dispersal                Tloc           #.........   100%        6    #######
 Hydra Form               Tmut           #.........   100%        6    #######
 Invisibility             Hex            #.......     100%        6    #######
 Poison Arrow             Conj/Pois      #.........   100%        6    #######
 Simulacrum               Ice/Necr       #.........   100%        6    #######
 Dragon Form              Tmut           #.........   100%        7    #######
 Haunt                    Necr/Summ      #.........   100%        7    #######
 Malign Gateway           Summ/Tloc      #.........   100%        7    #######
 Summon Hydra             Summ           #.........   100%        7    #######
 Borgnjor's Revivificati  Necr           #.........   100%        8    #######
 Chain Lightning          Conj/Air       #.........   100%        8    #######
 Controlled Blink         Tloc           N/A          100%        8    #######
 Death's Door             Chrm/Necr      #.........   100%        8    #######
 Discord                  Hex            #.........   100%        8    #######
 Disjunction              Tloc           #.........   100%        8    #######
 Ignition                 Fire           #.........   100%        8    #######
 Infestation              Necr           #.........   100%        8    #######
 Lehudib's Crystal Spear  Conj/Erth      #.........   100%        8    #######
 Necromutation            Tmut/Necr      #.........   100%        8    #######
 Fire Storm               Conj/Fire      #.........   100%        9    #######
 Glaciate                 Conj/Ice       #.........   100%        9    #######
 Shatter                  Erth           #.........   100%        9    #######
 Tornado                  Air            #.........   100%        9    #######
 Sublimation of Blood     Necr           Unusable     N/A         2    N/A
 Statue Form              Tmut/Erth      Unusable     N/A         6    N/A

Dungeon Overview and Level Annotations

Branches:
Dungeon (15/15)            Temple (1/1) D:6            Lair (6/6) D:8
 Shoals (4/4) Lair:2       Spider (4/4) Lair:2        Slime (5/5) Lair:6
    Orc (2/2) D:11            Elf (3/3) Orc:2        Vaults (5/5) D:13
  Crypt (3/3) Vaults:2       Tomb (0/3) Crypt:3      Depths (5/5) D:15
   Hell (1/1)                 Dis (0/7) Hell            Geh (0/7) Hell
    Coc (7/7) Hell            Tar (0/7) Hell            Zot (1/5) Depths:5

Altars:
Ashenzari
Cheibriados
Dithmenos
Elyvilon
Fedhas
Gozag
Hepliaklqana
Kikubaaqudgha
Makhleb
Nemelex Xobeh
Okawaru
Qazlal
Ru
Sif Muna
Trog
Uskayaw
Vehumet
Wu Jian
Xom
Yredelemnul
Zin
The Shining One
Beogh
Jiyva

Shops:
D:4 **   D:5 ::?(=   D:9 ?   Orc:1 %   Orc:2 *(((   Elf:1 *   Elf:2 *
Vaults:1 =   Vaults:3 =   Depths:2 *   Depths:5 [:}

Portals:
Hell: Depths:1 Depths:2 Depths:3 Depths:4 Depths:5
Abyss: Depths:1 Depths:2 Depths:4 Depths:5
Pandemonium: Depths:3 Depths:5
Ziggurat: Depths:4

Annotations:
Spider:4 exclusion: 3 doors


Innate Abilities, Weirdness & Mutations

You are resistant to torment.
Your stone body is resilient. (AC +20)
You are immune to poison.
Your large and strong wings let you fly indefinitely.
You resist negative energy. (rN+)
You are resistant to electric shocks. (rElec)
You can survive without breathing.
You are immune to petrification.
You are immune to rotting.
You have sharp fingernails.
You are partially covered in iridescent scales. (AC +2)
You have a somewhat thin skeletal structure. (Dex +2, Stealth)
You are partially covered in yellow scales. (AC +2)
You often lose your temper in combat.
Scrolls take you a little longer to read.
You are very clumsy. (Dex -4)
Your body often deteriorates upon taking damage.
You are frail. (-10% HP)
Your magical capacity is very low. (-20% MP)
You are resistant to hostile enchantments. (MR+)
You occasionally shout uncontrollably at your foes.
You do not regenerate when monsters are visible.
You are very weak. (Str -4)
Potions are poor at restoring your health.


Message History

The gelid warmonger completely misses you.
You block the phantasmal warrior's attack.
The phantom is engulfed in blazing flames.
The phantom blinks!
The smoke demon gestures at you. Something smites you!
* * * LOW HITPOINT WARNING * * *
Gehisej hits you.
* * * LOW HITPOINT WARNING * * *
You block the phantasmal warrior's attack.
The gelid warmonger calls down the wrath of its god upon you.
Your magic feels more tainted.
The shadow wraith is engulfed in blazing flames.
Okay, then.
Your system partially rejects the healing.
You feel much better.
The sun demon shouts!
Gehisej hits you but does no damage. Gehisej hits you!!
You die...
Your body glows slightly and disappears.

.............# #.....#
1............#######.....#
6........................#
.........3.).............######
.............)...........#....#
#####.#....°○...").......#....#
# ####.°3#######.....#....#
#.○26WW○..#.....#.....
#...#@&☼..'W....'.....
#...#☼☼°..#.....#....#
###########.....#....#
#.....#..... +.....#....#
#.....'....# #.....#....#
#.....#....# .....#.....


You could see Gehisej, a gelid warmonger, a sun demon, a shadow wraith
(invisible), a phantasmal warrior, a smoke demon, a tormentor and a phantom.

Vanquished Creatures
  Dissolution (Slime:2)
  Mnoleg (Pan)
  An ancient lich (Depths:5)
  2 juggernauts (Depths:1)
  Saint Roka (Depths:4)
  Frederick (Depths:4)
  22 shard shrikes
  4 caustic shrikes
  Geryon (Hell)
  2 golden dragons
  3 profane servitors
  A Tzitzimitl (Pan)
  An iron giant (Zot:1)
  5 bone dragons
  A hellephant (Zot:1)
  9 Ice Fiends
  6 liches
  10 tentacled monstrosities
  3 deep elf blademasters
  4 quicksilver dragons
  5 titans
  A deep elf master archer (Elf:3)
  24 acid blobs
  A kraken (Shoals:1)
  Frances (Elf:1)
  3 Executioners (Pan)
  2 tentacled starspawn (Abyss:3)
  4 death cobs
  3 sphinxes
  4 ancient champions
  The ghost of Arielle the Basher, an adept HuFi of Okawaru (Depths:1)
  9 shadow dragons
  7 storm dragons
  Agnes (Spider:3)
  Roxanne (Spider:3)
  11 azure jellies
  6 tengu reavers
  4 revenants (Crypt:2)
  2 draconian monks (Zot:1)
  12 deep elf sorcerers
  15 fire giants
  2 draconian knights
  8 frost giants
  A draconian scorcher (Zot:1)
  Louise (D:14)
  A corrupter (Pan)
  4 balrugs (Pan)
  4 orc warlords
  18 cacodemons
  12 vault wardens
  5 emperor scorpions
  3 draconian shifters (Zot:1)
  4 ghost moths
  5 deep elf elementalists
  A juggernaut skeleton (Depths:3)
  2 draconian annihilators
  13 ghouls
  4 curse skulls
  A caustic shrike zombie (D:15)
  2 spriggan defenders (Depths:1)
  8 reapers
  26 stone giants
  4 war gargoyles
  An elemental wellspring (Coc:7)
  36 very ugly things
  15 ironheart preservers
  5 entropy weavers
  2 blood saints (Pan)
  3 lorocyprocas
  11 vampire knights
  4 deep elf demonologists
  A dire elephant (Zot:1)
  6 green draconians
  2 minotaurs
  A black sun (Pan)
  5 deep elf annihilators
  A purple draconian (Zot:1)
  The ghost of Foxy the Jinx, a journeyman FeEn of Sif Muna (Vaults:1)
  12 spark wasps
  4 white draconians
  A mummy priest (Crypt:3)
  17 ettins
  8 eidola
  2 red draconians (Zot:1)
  6 deep elf death magi
  6 fire dragons
  11 blizzard demons
  A crystal guardian (Vaults:5)
  13 death oozes
  2 kraken zombies
  3 quicksilver dragon zombies
  A merfolk javelineer (Shoals:4)
  16 great orbs of eyes
  7 merfolk impalers
  16 yaktaur captains
  17 jiangshi
  28 vault guards
  2 quicksilver dragon skeletons
  The ghost of drock42 the Summoner, a journeyman HOSu of Beogh (D:12)
  5 deep elf high priests
  9 rakshasas
  Josephine (D:10)
  27 ice dragons
  3 merfolk aquamancers
  2 spriggan air magi
  3 hydras
  2 alligator snapping turtles
  A hell beast (Depths:5)
  5 merfolk avatars
  4 centaur warriors
  3 monstrous demonspawn (Pan)
  58 two-headed ogres
  11 satyrs
  6 death knights
  A two-headed ogre (shapeshifter) (Vaults:1)
  6 hell hogs
  4 tengu warriors
  17 ogre magi
  6 deep troll shamans
  9 vampire magi
  4 thrashing horrors (Abyss:3)
  3 death yaks
  26 dancing weapons
  6 deep troll earth magi
  A queen ant (Lair:6)
  3 spriggan berserkers
  4 titan zombies
  4 orc high priests
  11 hell knights
  2 storm dragon zombies
  16 soul eaters
  4 titan skeletons
  17 deep elf knights
  Sonja (D:11)
  2 shock serpents (Depths:5)
  An iron golem (Depths:1)
  3 fire crabs (shapeshifter)
  4 salamander mystics
  4 wretched stars (Abyss:3)
  11 sun demons
  19 sixfirhies
  6 iron trolls
  63 skeletal warriors
  4 shadow wraiths
  38 deep trolls
  A storm dragon skeleton (Vaults:5)
  A ghost moth zombie (Coc:1)
  4 sea snakes (Shoals:4)
  15 anaconda zombies
  11 wizards
  A golden dragon zombie (Coc:7)
  3 unseen horrors
  A death drake (Depths:5)
  A torturous demonspawn (Pan)
  4 infernal demonspawn (Pan)
  6 flayed ghosts
  A gelid demonspawn (Pan)
  A tengu zombie (D:15)
  2 unseen horrors (shapeshifter)
  3 shadow demons
  8 glowing orange brains
  17 ironbrand convokers
  A sphinx zombie (Depths:3)
  3 shadow dragon zombies (Crypt:3)
  3 wolf spider zombies
  A lindwurm (Lair:6)
  14 deep elf archers
  19 large abominations
  5 iron dragon zombies
  17 harpies
  9 necromancers
  31 wolf spiders
  20 orc knights
  30 phantasmal warriors
  9 orc sorcerers
  6 oklob plants
  2 tengu skeletons
  13 orb spiders
  A glowing shapeshifter (Vaults:5)
  A shadow dragon skeleton (Coc:3)
  8 cyclopes
  47 ugly things
  46 deep elf magi
  17 salamanders
  2 cyclopes (shapeshifter) (Vaults:5)
  2 frost giant zombies
  3 stone giant zombies
  103 slime creatures
  5 centaur zombies
  A sphinx skeleton (Depths:3)
  2 iron dragon skeletons
  5 manticores
  3 fire giant zombies
  23 fauns
  11 moths of wrath
  A frost giant skeleton (Coc:7)
  3 fire giant skeletons
  9 shining eyes
  6 merfolk sirens
  A spriggan zombie (Depths:3)
  2 torpor snails
  3 black mambas
  14 vault sentinels
  2 eyes of devastation
  9 rust devils
  2 stone giant skeletons (Crypt:2)
  A dire elephant zombie (Hell)
  An apocalypse crab (Abyss:3)
  A guardian serpent (Spider:2)
  A shock serpent zombie (Hell)
  2 guardian serpents (shapeshifter)
  8 orange demons (Pan)
  13 spiny frogs
  10 smoke demons
  5 spectral swamp worms
  5 komodo dragons
  A titan simulacrum (Depths:3)
  An ice statue (IceCv)
  3 dire elephant skeletons
  A gargoyle (Volcano)
  A water nymph (Shoals:3)
  2 kobold demonologists
  An efreet (Volcano)
  A minotaur zombie (Crypt:3)
  A red draconian zombie (Crypt:2)
  3 rime drakes
  25 freezing wraiths
  28 ice devils
  A hellion (Depths:1)
  A redback zombie (D:13)
  11 demonic crawlers
  A minotaur skeleton (Coc:4)
  An anaconda simulacrum (IceCv)
  A red draconian skeleton (Crypt:2)
  2 golden dragon simulacra (IceCv)
  8 red devils (Pan)
  12 tormentors
  2 guardian mummies (Crypt:3)
  2 tengu conjurers
  A troll (shapeshifter) (Vaults:4)
  61 yaktaurs
  6 hellwings
  2 yaktaur skeletons
  13 hydra zombies
  11 polar bears
  A pale draconian skeleton (Crypt:1)
  26 merfolk
  7 trolls
  11 meliai
  A queen bee (shapeshifter) (Vaults:2)
  An iron troll skeleton (Crypt:1)
  4 harpy zombies
  A queen bee (Abyss:3)
  3 wind drakes (Shoals:3)
  A tyrant leech (Vaults:5)
  7 hornets
  2 blink frogs (shapeshifter)
  4 hydra skeletons
  6 ettin zombies
  25 jumping spiders
  13 raiju
  A hippogriff (shapeshifter) (Depths:1)
  7 dream sheep
  A dream sheep (shapeshifter) (Vaults:5)
  16 hippogriffs
  2 alligator zombies
  2 bog bodies
  10 snapping turtles
  10 blink frogs
  A human simulacrum (Vaults:2)
  3 ice dragon zombies
  2 vampires
  4 fire dragon skeletons
  A frost giant simulacrum (Vaults:2)
  2 alligator skeletons
  34 flying skulls
  3 air elementals (Elf:2)
  3 dire elephant simulacra
  An ushabti (Crypt:3)
  2 black mamba zombies
  8 shadows
  12 tarantellas
  7 centaur simulacra
  3 ynoxinuls (Pan)
  A hog (shapeshifter) (Vaults:5)
  3 wyverns
  A yak (shapeshifter) (Vaults:4)
  58 redbacks
  59 yaks
  17 water elementals
  21 wraiths
  2 tarantellas (shapeshifter)
  An orc simulacrum (Vaults:2)
  A satyr skeleton (Crypt:2)
  Grum (D:8)
  2 basilisks
  12 fire elementals
  22 humans (D:13)
  A basilisk (shapeshifter) (Vaults:5)
  19 golden eyes
  3 hungry ghosts
  32 neqoxecs
  A steam dragon (D:8)
  2 golden eyes (shapeshifter)
  10 chaos spawn
  8 vampire mosquitoes
  4 harpy simulacra (IceCv)
  5 iron troll simulacra (IceCv)
  An elf simulacrum (Depths:5)
  An acid dragon (shapeshifter) (D:14)
  4 acid dragons
  5 hydra simulacra (IceCv)
  A naga (Spider:4)
  A soldier ant (D:13)
  The ghost of Gunnerkreig the Sneak, an amateur OpWz (D:3)
  8 wargs
  2 swamp worms
  5 spiny frog zombies
  16 hell hounds
  10 water moccasins
  2 floating eyes
  A swamp drake (Orc:2)
  42 orc warriors
  5 porcupines
  A merfolk skeleton (Coc:7)
  2 snapping turtle zombies
  4 sky beasts
  14 black bears
  An ettin simulacrum (Coc:3)
  2 spiny frog skeletons
  A dream sheep zombie (Crypt:2)
  14 ice beasts
  2 hornet zombies
  An eye of draining (shapeshifter) (Elf:3)
  A black bear (shapeshifter) (Vaults:1)
  43 ogres
  2 swamp dragon zombies (Crypt:3)
  6 eyes of draining
  16 necrophages
  3 phantoms
  9 boggarts
  38 wolves
  An ogre (shapeshifter) (Vaults:1)
  2 manticore zombies
  An elf skeleton (Vaults:5)
  9 crocodiles
  18 centaurs
  A swamp dragon skeleton (Crypt:2)
  A snapping turtle skeleton (Coc:7)
  3 big kobolds
  A rime drake skeleton (Crypt:1)
  2 hippogriff zombies (Shoals:2)
  A gnoll sergeant (Orc:2)
  7 small abominations
  21 bullfrogs
  4 earth elementals
  2 spiny frog simulacra
  8 wyvern skeletons
  6 scorpions
  2 water moccasin skeletons
  A yak skeleton (Crypt:2)
  A spriggan skeleton (Crypt:2)
  36 killer bees
  15 wights
  5 howler monkeys
  A snapping turtle simulacrum (Abyss:2)
  2 electric eels (Spider:2)
  8 jellies
  3 draconian simulacra (IceCv)
  10 crimson imps
  7 hounds
  A quasit (D:14)
  A bullfrog zombie (D:13)
  2 wyvern simulacra (D:12)
  19 orc priests
  3 bullfrog skeletons
  3 centaur skeletons
  21 orc wizards
  A human zombie (Coc:7)
  A human skeleton (Coc:7)
  A gnoll shaman (D:7)
  Natasha (thrice) (D:2)
  An iguana (D:4)
  A porcupine zombie (Crypt:2)
  14 worker ants
  A polar bear simulacrum (IceCv)
  5 troll simulacra (IceCv)
  A killer bee zombie (D:6)
  A naga zombie (Crypt:2)
  2 bullfrog simulacra (D:12)
  An ogre skeleton (Crypt:1)
  An ogre zombie (Crypt:3)
  A hound skeleton (D:11)
  A mummy (Coc:2)
  2 howler monkey skeletons
  A worker ant zombie (D:7)
  20 gnolls
  A naga simulacrum (IceCv)
  2 ogre simulacra (IceCv)
  12 adders
  4 shadow imps
  22 white imps
  7 ufetubi (IceCv)
  2 adder skeletons
  An adder zombie (D:5)
  A halfling skeleton (Crypt:1)
  3 worms
  A barachi zombie (Crypt:2)
  5 dart slugs
  8 leopard geckos
  99 orcs
  11 giant cockroaches
  31 goblins
  25 hobgoblins
  A jackal (D:7)
  5 quokkas
  A ball python (D:2)
  16 bats
  6 frilled lizards
  A frilled lizard skeleton (Crypt:2)
  19 kobolds
  A leopard gecko zombie (D:5)
  A quokka skeleton (D:5)
  A quokka zombie (D:3)
  12 rats
  A crawling corpse (Elf:2)
  19 plants
  8 tentacles
  11 withered plants
3304 creatures vanquished.

Vanquished Creatures (collateral kills)
  A pandemonium lord (Pan)
  Mennas (Pan)
  An ancient lich (Depths:3)
  Sojobo (D:15)
  Xtahua (Depths:4)
  2 shard shrikes
  A titan (Vaults:5)
  An acid blob (Slime:2)
  A sphinx (Vaults:5)
  A shadow dragon (Vaults:5)
  Ilsuiw (Shoals:4)
  A deep elf sorcerer (Vaults:5)
  An orc warlord (Bailey)
  2 frost giants
  2 stone giants (Vaults:5)
  A reaper (Coc:7)
  2 vampire knights
  A merfolk javelineer (Shoals:4)
  A blizzard demon (Coc:7)
  A death ooze (Slime:5)
  A merfolk impaler (Shoals:3)
  2 vault guards (Vaults:5)
  A fire dragon (Vaults:5)
  A great orb of eyes (Vaults:5)
  2 ice dragons (Coc:7)
  A merfolk aquamancer (Shoals:4)
  A satyr (Spider:4)
  An alligator snapping turtle (Vaults:5)
  A vampire mage (Depths:3)
  A hell knight (Hell)
  A queen ant (Spider:4)
  An iron golem (Hell)
  An iron troll (Vaults:5)
  A sea snake (Shoals:3)
  A skeletal warrior (Crypt:1)
  An anaconda skeleton (Coc:7)
  An orc knight (Vaults:5)
  A deep elf mage (Vaults:5)
  A manticore (Spider:4)
  5 fauns
  A merfolk siren (Shoals:4)
  A vault sentinel (Vaults:5)
  A water nymph (Shoals:3)
  3 merfolk
  A jumping spider (Spider:4)
  An ice devil (Coc:7)
  An ancient zyme (D:14)
  A raiju (D:14)
  A dream sheep (Vaults:5)
  3 flying skulls (Coc:7)
  A tarantella (Spider:3)
  A wyvern (Orc:2)
  A fire bat (Orc:2)
  A steam dragon (Orc:2)
  2 wargs
  A swamp drake (Orc:2)
  4 orc warriors
  A centaur (Orc:2)
  A crocodile (Orc:2)
  2 howler monkeys (Orc:2)
  A hound (Orc:2)
  3 orc priests
  2 iguanas (Orc:2)
  A white imp (Coc:7)
  A leopard gecko (Orc:2)
  13 orcs
  A giant cockroach (Orc:2)
  A hobgoblin (Bailey)
  A quokka (Orc:2)
  A frilled lizard (Orc:2)
104 creatures vanquished.

Vanquished Creatures (others)
  A Tzitzimitl (Pan)
  A quicksilver dragon (Zot:1)
  3 deep elf master archers (Elf:3)
  2 eldritch tentacles
  An elemental wellspring (Coc:7)
  A stone giant (Depths:3)
  A yellow draconian (Zot:1)
  A black sun (Pan)
  A yaktaur captain (Depths:4)
  A deep elf high priest (Elf:3)
  A fire dragon (Depths:3)
  A great orb of eyes (Slime:3)
  3 ice dragons
  A deep troll shaman (Depths:1)
  An anaconda zombie (Hell)
  A deep troll (Vaults:3)
  An orc knight (D:11)
  A deep elf mage (Elf:1)
  An orb spider (Spider:4)
  A necromancer (Hell)
  A wolf spider (Spider:1)
  A moth of wrath (Zot:1)
  A guardian serpent (Spider:4)
  A large abomination (Pan)
  A rust devil (Hell)
  A spiny frog (Lair:6)
  2 freezing wraiths
  6 yaktaurs
  A rime drake (shapeshifter) (Depths:1)
  A rime drake (D:12)
  A tengu conjurer (Depths:3)
  A tormentor (Pan)
  2 hydra skeletons
  A hornet (Spider:4)
  A stone giant simulacrum (Abyss:3)
  2 flying skulls
  A ynoxinul (Hell)
  2 redbacks (Spider:4)
  A wraith (Vaults:1)
  A hungry ghost (D:11)
  3 neqoxecs (Pan)
  A vampire mosquito (D:14)
  A porcupine (Lair:1)
  An orc warrior (Orc:2)
  A swamp drake (Vaults:5)
  A spiny frog skeleton (Hell)
  3 centaurs (Orc:2)
  A wolf (Orc:2)
  A hippogriff zombie (Shoals:2)
  2 killer bees (Abyss:3)
  3 wights (Coc:7)
  An iguana (Vaults:5)
  A gnoll (Orc:2)
  A river rat (Orc:2)
  A shadow imp (D:11)
  17 ball lightnings
  A leopard gecko (Vaults:5)
  13 orcs
  A hobgoblin (Orc:2)
  A jackal (Orc:2)
  4 fungi
  102 plants
  4 starspawn tentacles (Abyss:3)
  14 tentacles
  5 withered plants
238 creatures vanquished.

Grand Total: 3646 creatures vanquished

Notes
Turn   | Place    | Note
-------+----------+-------------------------------------------
     0 | D:1      | Lianjan the Gargoyle Monk began the quest for the Orb.
     0 | D:1      | Reached XP level 1. HP: 14/14 MP: 1/1
   219 | D:1      | Reached XP level 2. HP: 16/19 MP: 2/2
   647 | D:1      | Reached XP level 3. HP: 18/24 MP: 3/3
  1592 | D:2      | Noticed Natasha
  1609 | D:2      | Killed Natasha
  1615 | D:2      | Reached XP level 4. HP: 15/29 MP: 4/4
  1811 | D:2      | Found a shimmering altar of Xom.
  2411 | D:2      | Noticed Natasha
  2423 | D:2      | Killed Natasha
  2423 | D:2      | Reached XP level 5. HP: 32/34 MP: 5/5
  2480 | D:2      | Noticed Natasha
  2487 | D:2      | Killed Natasha
  2487 | D:2      | Reached skill level 1 in Armour
  2683 | D:2      | Found a deep blue altar of Sif Muna.
  2932 | D:2      | Reached skill level 5 in Maces & Flails
  2996 | D:3      | Found a basalt altar of Yredelemnul.
  3375 | D:3      | Reached XP level 6. HP: 33/39 MP: 6/6
  3549 | D:3      | Found a runed translucent gate.
  3549 | D:3      | Found a runed translucent gate.
  3550 | D:3      | Found a runed translucent gate.
  3551 | D:3      | Noticed Gunnerkreig's ghost (amateur OpWz)
  4416 | D:4      | Reached skill level 5 in Fighting
  4740 | D:4      | Found Woeck's Whimsical Warehouse.
  4745 | D:4      | Reached XP level 7. HP: 44/44 MP: 7/7
  5332 | D:4      | Found Vore's Assorted Antiques.
  5338 | D:4      | Bought a scroll labeled DAFRAV YFISU for 26 gold pieces
  5668 | D:5      | Entered Level 5 of the Dungeon
  5677 | D:5      | Found Umekkaug's Magic Scroll Shoppe.
  5855 | D:5      | Found Fegoded's Book Shop.
  5898 | D:5      | Found Surah's Book Shoppe.
  6014 | D:5      | Found Hutorul's Weapon Shop.
  6209 | D:5      | Found Voxoq's Jewellery Boutique.
  6683 | D:6      | Reached skill level 1 in Shields
  6683 | D:6      | Reached XP level 8. HP: 46/51 MP: 8/8
  6702 | D:6      | Found a staircase to the Ecumenical Temple.
  6710 | Temple   | Entered the Ecumenical Temple
  6788 | Temple   | Became a worshipper of Nemelex Xobeh the Trickster
  6788 | Temple   | Received a gift from Nemelex Xobeh
  6788 | Temple   | Reached * piety under Nemelex Xobeh
  6788 | Temple   | Received a gift from Nemelex Xobeh
  6788 | Temple   | Reached ** piety under Nemelex Xobeh
  6908 | D:6      | Reached skill level 1 in Invocations
  7079 | D:6      | Noticed a yak
  7086 | D:6      | Killed a yak
  7355 | D:3      | Killed Gunnerkreig's ghost
  7494 | D:6      | Reached skill level 5 in Armour
  7494 | D:6      | Reached XP level 9. HP: 55/56 MP: 10/10
  8126 | D:7      | Received a gift from Nemelex Xobeh
  8165 | D:7      | Reached skill level 1 in Axes
  8811 | D:7      | Received a gift from Nemelex Xobeh
  9173 | D:7      | Reached *** piety under Nemelex Xobeh
 10181 | D:7      | Reached XP level 10. HP: 22/64 MP: 13/13
 10186 | D:7      | Got a brightly glowing mace
 10317 | D:7      | Identified the +9 mace "Vekhikhlo" {flame, rPois Int+8}
                  | (You found it on level 7 of the Dungeon)
 10715 | D:8      | Found a staircase to the Lair.
 10715 | D:8      | Noticed a death yak
 10716 | D:8      | Noticed a death yak
 10720 | D:8      | Noticed a death yak
 10743 | D:7      | Killed a death yak
 10743 | D:7      | Reached skill level 5 in Invocations
 11228 | D:6      | Noticed a minotaur
 11228 | D:6      | a death yak changed into a minotaur
 11236 | D:6      | Killed a minotaur
 11415 | D:7      | Killed a death yak
 11675 | D:8      | Noticed Grum
 11689 | D:8      | Reached skill level 10 in Armour
 11864 | D:8      | Killed Grum
 12301 | D:8      | Received a gift from Nemelex Xobeh
 12352 | D:8      | Reached XP level 11. HP: 59/71 MP: 16/16
 12756 | D:8      | Reached skill level 10 in Fighting
 13439 | D:9      | Reached **** piety under Nemelex Xobeh
 13674 | D:9      | Found Decarchyu's Magic Scroll Emporium.
 13801 | D:10     | Entered Level 10 of the Dungeon
 14031 | D:10     | Got a crude leather armour
 14034 | D:10     | Found a flagged portal.
 14043 | D:10     | Reached skill level 5 in Axes
 14097 | D:10     | Received a gift from Nemelex Xobeh
 14112 | Bailey   | Entered a bailey
 14397 | Bailey   | Noticed an orc knight
 14408 | Bailey   | Killed an orc knight
 14543 | Bailey   | Noticed an orc knight
 14555 | Bailey   | Killed an orc knight
 14557 | Bailey   | Noticed an orc warlord
 14578 | Bailey   | Killed an orc warlord
 15006 | Bailey   | Identified the +1 leather armour "Optodues" {rC++} (You
                  | found it on level 10 of the Dungeon)
 15189 | D:10     | Reached XP level 12. HP: 79/79 MP: 18/18
 15195 | D:10     | Received a gift from Nemelex Xobeh
 15263 | D:10     | Noticed Josephine
 15278 | D:10     | Killed Josephine
 15684 | D:11     | Noticed Sonja
 15688 | D:11     | Killed Sonja
 15832 | D:11     | Noticed a two-headed ogre
 15847 | D:11     | Killed a two-headed ogre
 15934 | D:11     | Found a roughly hewn altar of Beogh.
 15934 | D:11     | Found a staircase to the Orcish Mines.
 16703 | Orc:1    | Entered Level 1 of the Orcish Mines
 16752 | Orc:1    | You fall through a shaft!
 16752 | Orc:2    | Entered Level 2 of the Orcish Mines
 16752 | Orc:2    | Found a gate leading to a gauntlet.
 16752 | Orc:2    | Found a staircase to the Elven Halls.
 16763 | Orc:2    | Noticed an orc warlord
 16771 | Orc:2    | Noticed an orc high priest
 16783 | Orc:1    | Killed an orc high priest
 17697 | Orc:2    | Reached skill level 10 in Invocations
 17820 | Orc:1    | Found Gimom's Food Shoppe.
 17820 | Orc:1    | Received a gift from Nemelex Xobeh
 18537 | D:5      | Bought the +10 broad axe of Dominance {freeze, rElec rC+
                  | rN+ MP-9 Stlth+} for 861 gold pieces
 18600 | Lair:1   | Entered Level 1 of the Lair of Beasts
 18639 | Lair:1   | Noticed a seven-headed hydra
 18645 | Lair:1   | Noticed an entropy weaver
 18645 | Lair:1   | a seven-headed hydra changed into an entropy weaver
 18657 | Lair:1   | Killed an entropy weaver
 18657 | Lair:1   | Reached XP level 13. HP: 41/85 MP: 11/20
 19634 | Lair:1   | Reached ***** piety under Nemelex Xobeh
 19758 | Lair:1   | Received a gift from Nemelex Xobeh
 19761 | Lair:1   | Learned a level 1 spell: Confusing Touch
 20077 | Lair:2   | Found a hole to the Spider Nest.
 20314 | Lair:2   | Reached skill level 1 in Hexes
 20315 | Lair:2   | Received a gift from Nemelex Xobeh
 20443 | Lair:2   | Found a staircase to the Shoals.
 21481 | Lair:3   | Reached skill level 10 in Axes
 21683 | Lair:3   | Reached skill level 15 in Armour
 22623 | Lair:4   | Received a gift from Nemelex Xobeh
 22858 | Lair:4   | Received a gift from Nemelex Xobeh
 23474 | Lair:5   | Received a gift from Nemelex Xobeh
 23681 | Lair:5   | Gained mutation: Your large and strong wings let you fly
                  | indefinitely. [Gargoyle growth]
 23681 | Lair:5   | Reached XP level 14. HP: 92/92 MP: 13/22
 23682 | Lair:5   | Paralysed by a floating eye for 4 turns
 24085 | Lair:5   | Received a gift from Nemelex Xobeh
 24474 | Lair:6   | Entered Level 6 of the Lair of Beasts
 24496 | Lair:6   | Reached XP level 15. HP: 97/97 MP: 14/23
 24497 | Lair:6   | Reached skill level 10 in Shields
 24497 | Lair:6   | Reached XP level 16. HP: 103/103 MP: 15/24
 24554 | Lair:6   | Found a dark tunnel.
 24598 | Volcano  | Entered a volcano
 24935 | Lair:6   | Received a gift from Nemelex Xobeh
 25188 | Lair:6   | Received a gift from Nemelex Xobeh
 25191 | Lair:6   | Reached ****** piety under Nemelex Xobeh
 25287 | Lair:6   | Found a viscous altar of Jiyva.
 25287 | Lair:6   | Found a staircase to the Slime Pits.
 25867 | Lair:6   | Received a gift from Nemelex Xobeh
 27397 | Orc:2    | Found Cufrofae's Antique Weapon Shoppe.
 27397 | Orc:2    | Found Bituqi's Weapon Boutique.
 27399 | Orc:2    | Found Cuaxe's Weapon Shop.
 27401 | Orc:2    | Found Hunaoph's Assorted Antiques.
 27413 | Orc:2    | Bought a runed fluorescent amulet for 165 gold pieces
 27951 | D:12     | Noticed drock42's ghost (journeyman HOSu)
 28130 | D:12     | Received a gift from Nemelex Xobeh
 28247 | D:12     | Found a runed translucent gate.
 28247 | D:12     | Found a runed translucent gate.
 28247 | D:12     | Found a runed translucent gate.
 28593 | D:12     | Found a bloodstained altar of Trog.
 28838 | D:13     | Noticed a storm dragon
 28838 | D:13     | a five-headed hydra changed into a storm dragon
 28848 | D:13     | Killed a storm dragon
 28957 | D:13     | Received a gift from Nemelex Xobeh
 29101 | D:13     | Reached skill level 5 in Hexes
 29125 | D:13     | Found a gate to the Vaults.
 29687 | D:13     | Reached XP level 17. HP: 109/109 MP: 17/26
 30047 | D:12     | Killed drock42's ghost
 30213 | D:14     | Noticed Louise
 30232 | D:14     | Cast into level 3 of the Abyss (Louise)
 30233 | Abyss:3  | Found a corrupted altar of Lugonu.
 30281 | Abyss:3  | Gained mutation: Your mind is acute. (Int +2) [a neqoxec]
 30318 | Abyss:3  | Noticed a profane servitor
 30338 | Abyss:3  | Killed a profane servitor
 30369 | Abyss:3  | Noticed a tentacled starspawn
 30377 | Abyss:3  | Killed a tentacled starspawn
 30386 | Abyss:3  | Received a gift from Nemelex Xobeh
 30439 | D:14     | Escaped the Abyss
 30457 | D:14     | Killed Louise
 31322 | D:14     | Received a gift from Nemelex Xobeh
 31331 | D:15     | Entered Level 15 of the Dungeon
 31333 | D:15     | Found a staircase to the Depths.
 31838 | D:15     | Received a gift from Nemelex Xobeh
 32269 | Spider:1 | Entered Level 1 of the Spider Nest
 32549 | Spider:1 | Received a gift from Nemelex Xobeh
 33632 | Spider:2 | Received a gift from Nemelex Xobeh
 33640 | Spider:2 | Found a frozen archway.
 33662 | IceCv    | Entered an ice cave
 33772 | IceCv    | Reached XP level 18. HP: 80/116 MP: 18/27
 34379 | IceCv    | Noticed an Ice Fiend
 34387 | IceCv    | Noticed a Hell Sentinel
 34387 | IceCv    | an Ice Fiend changed into a Hell Sentinel
 34387 | IceCv    | a Hell Sentinel changed into a cacodemon
 34498 | IceCv    | Identified Zafaad's Disquisition on Igneous Aid
 34516 | IceCv    | Got a transparent hat
 34603 | IceCv    | Identified the +1 hat of Mezcal {rElec Stlth+} (You found
                  | it in an ice cave)
 34670 | IceCv    | Identified the +5 broad axe of Insufficient Pleasure
                  | {protect, rPois Str+2 Dex+3} (You found it in an ice cave)
 35173 | Spider:2 | Received a gift from Nemelex Xobeh
 35760 | Spider:3 | Received a gift from Nemelex Xobeh
 35782 | Spider:3 | Noticed Arachne
 35784 | Spider:3 | Noticed Arachne
 35784 | Spider:3 | Arachne changed into Arachne the shadow dragon
 35795 | Spider:3 | Killed Arachne the shadow dragon
 35821 | Spider:3 | Noticed Agnes
 35826 | Spider:3 | Killed Agnes
 35866 | Spider:3 | Identified Roxanne's Guide on Transformation
 35866 | Spider:3 | Noticed Roxanne
 35875 | Spider:3 | Killed Roxanne
 36285 | Spider:4 | Entered Level 4 of the Spider Nest
 36547 | Spider:4 | Received a gift from Nemelex Xobeh
 37468 | Spider:4 | Reached skill level 15 in Fighting
 37657 | Spider:4 | Got a gossamer rune of Zot
 37842 | Shoals:1 | Entered Level 1 of the Shoals
 37905 | Shoals:1 | Received a gift from Nemelex Xobeh
 37920 | Shoals:1 | Reached XP level 19. HP: 124/124 MP: 20/29
 38773 | Shoals:2 | Received a gift from Nemelex Xobeh
 39023 | Shoals:2 | Received a gift from Nemelex Xobeh
 39868 | Shoals:3 | Reached skill level 15 in Axes
 40185 | Shoals:3 | Received a gift from Nemelex Xobeh
 40573 | Shoals:4 | Entered Level 4 of the Shoals
 40708 | Shoals:4 | Received a gift from Nemelex Xobeh
 40716 | Shoals:4 | Noticed Ilsuiw
 40739 | Shoals:4 | Killed Ilsuiw
 41447 | Shoals:4 | Identified the +8 quarterstaff of Corynef {crush, rF+ rN+
                  | Dex+3}
 41798 | Shoals:4 | Received a gift from Nemelex Xobeh
 41823 | Shoals:4 | Got a barnacled rune of Zot
 42629 | Vaults:1 | Entered Level 1 of the Vaults
 42794 | Elf:1    | Entered Level 1 of the Elven Halls
 42803 | Elf:1    | Noticed Frances
 42815 | Elf:1    | Killed Frances
 42815 | Elf:1    | Reached XP level 20. HP: 116/131 MP: 22/31
 42887 | Elf:1    | Received a gift from Nemelex Xobeh
 43121 | Elf:1    | Found Nikokh's Assorted Antiques.
 43149 | Elf:1    | Reached skill level 15 in Invocations
 43346 | Elf:1    | Received a gift from Nemelex Xobeh
 43591 | Elf:1    | Identified a scroll of acquirement
 44217 | Elf:2    | Reached skill level 15 in Shields
 44262 | Elf:2    | Found Regho's Assorted Antiques.
 44396 | Elf:2    | Found a huge runed translucent gate.
 44396 | Elf:2    | Found a huge runed translucent gate.
 44396 | Elf:2    | Found a huge runed translucent gate.
 44397 | Elf:2    | Found a huge runed translucent gate.
 44399 | Elf:2    | Found a huge runed translucent gate.
 45111 | Vaults:1 | Found a runed translucent door.
 45111 | Vaults:1 | Noticed Foxy's ghost (journeyman FeEn)
 45345 | Vaults:1 | Received a gift from Nemelex Xobeh
 45640 | Vaults:1 | Found Cobb's Jewellery Shoppe.
 45776 | Vaults:1 | Received a gift from Nemelex Xobeh
 46010 | Vaults:1 | Reached XP level 21. HP: 130/137 MP: 23/32
 46143 | Vaults:1 | Killed Foxy's ghost
 46533 | Vaults:2 | Received a gift from Nemelex Xobeh
 46541 | Vaults:2 | Found a staircase to the Crypt.
 46541 | Vaults:2 | Found an ancient bone altar of Kikubaaqudgha.
 46542 | Vaults:2 | Found a basalt altar of Yredelemnul.
 47983 | Vaults:3 | Received a gift from Nemelex Xobeh
 48245 | Vaults:3 | Found Lovep's Jewellery Emporium.
 48567 | Vaults:3 | Received a gift from Nemelex Xobeh
 48835 | Vaults:3 | Reached XP level 22. HP: 143/145 MP: 25/34
 49543 | Vaults:4 | Received a gift from Nemelex Xobeh
 49630 | Vaults:4 | Identified the amulet of the Solstice {+Rage Str+4} (You
                  | found it on level 4 of the Vaults)
 49661 | Vaults:4 | Received a gift from Nemelex Xobeh
 49663 | Vaults:4 | Found a white marble altar of Elyvilon.
 50316 | Vaults:4 | Received a gift from Nemelex Xobeh
 51142 | Depths:1 | Entered Level 1 of the Depths
 51268 | Depths:1 | Noticed Sojobo
 51991 | D:15     | Killed Sojobo
 52674 | Depths:1 | Received a gift from Nemelex Xobeh
 52677 | Depths:1 | Identified the +0 scale mail of Esoad {rN+++ Str+9 Int-2
                  | Dex-3} (You found it on level 1 of the Depths)
 52679 | Depths:1 | Found a transporter.
 52679 | Depths:1 | Identified the +4 lajatang of Ru {vamp, rF+}
 52684 | Depths:1 | Noticed Arielle's ghost (adept HuFi)
 52684 | Depths:1 | Identified the +5 rapier "Duwue" {antimagic, Str+8}
 52684 | Depths:1 | Identified the +9 rapier of the Wheel {vamp, rPois rF- rC++
                  | SInv}
 52684 | Depths:1 | Noticed a juggernaut
 52685 | Depths:1 | Found a bloodstained altar of Trog.
 52685 | Depths:1 | Identified the +4 lajatang of Subterfuge {antimagic, rC++
                  | Str+2}
 52687 | Depths:1 | Noticed a juggernaut
 52904 | Elf:1    | Bought a translucent crystal plate armour for 2465 gold
                  | pieces
 52905 | Elf:1    | Identified the +7 crystal plate armour of the Original Sin
                  | {Str+3} (You bought it in a shop on level 1 of the Elven
                  | Halls)
 53176 | Depths:1 | Found a transporter.
 53242 | Depths:1 | Found a one-way gate to the infinite horrors of the Abyss.
 53251 | Depths:1 | Found a gateway to Hell.
 53641 | Depths:1 | Received a gift from Nemelex Xobeh
 53717 | Depths:2 | Found Piffiuv's Demolitions Depot.
 53835 | Depths:2 | Reached XP level 23. HP: 133/153 MP: 26/35
 54222 | Depths:2 | Noticed a golden dragon
 54245 | Depths:2 | Killed a golden dragon
 55048 | Depths:2 | Received a gift from Nemelex Xobeh
 55833 | Depths:3 | Found a one-way gate leading to the halls of Pandemonium.
 56580 | Depths:3 | Noticed an ancient lich
 56945 | Depths:3 | Killed an ancient lich
 57021 | Depths:3 | Found the +4 skin of Zhor {Hibernate rC+++ SInv}
 57488 | Depths:3 | Identified Kigy's Collected Works on Unholy Magic
 57527 | Depths:3 | Found a shattered altar of Ashenzari.
 57564 | Depths:3 | Received a gift from Nemelex Xobeh
 57575 | Depths:3 | Reached XP level 24. HP: 153/162 MP: 27/36
 58488 | Depths:4 | Noticed Xtahua
 58681 | Depths:4 | Killed Xtahua
 58686 | Depths:4 | Found a transporter.
 58702 | Depths:4 | Noticed Saint Roka
 58926 | Depths:4 | Killed Saint Roka
 59521 | Depths:4 | Noticed Frederick
 59525 | Depths:4 | Received a gift from Nemelex Xobeh
 59530 | Depths:4 | Killed Frederick
 59734 | Depths:4 | Found a gateway to a ziggurat.
 59799 | Depths:4 | Found a transporter.
 59982 | Depths:5 | Entered Level 5 of the Depths
 60006 | Depths:5 | Found Yxter's Gadget Shoppe.
 60033 | Depths:5 | Found Eqaaczes's Armour Boutique.
 60499 | Depths:5 | Received a gift from Nemelex Xobeh
 60597 | Depths:5 | Found a flickering gateway to a bazaar.
 60607 | Bazaar   | Entered a bazaar
 60607 | Bazaar   | Found Jel Puy's Food Emporium.
 60907 | Bazaar   | Found Geher's General Store.
 60937 | Bazaar   | Found Nofoul's Book Shoppe.
 60947 | Bazaar   | Found Kunwysho's Antique Weapon Boutique.
 60975 | Bazaar   | Bought a ration for 40 gold pieces
 60975 | Bazaar   | Bought a ration for 40 gold pieces
 60975 | Bazaar   | Bought a ration for 40 gold pieces
 60975 | Bazaar   | Bought a ration for 40 gold pieces
 60975 | Bazaar   | Bought a ration for 40 gold pieces
 60975 | Bazaar   | Bought a ration for 40 gold pieces
 60975 | Bazaar   | Bought a ration for 40 gold pieces
 60975 | Bazaar   | Bought a ration for 40 gold pieces
 60975 | Bazaar   | Bought a ration for 40 gold pieces
 60975 | Bazaar   | Bought a ration for 40 gold pieces
 60975 | Bazaar   | Bought a ration for 40 gold pieces
 60975 | Bazaar   | Bought a ration for 40 gold pieces
 60982 | Bazaar   | Bought a ration for 90 gold pieces
 60982 | Bazaar   | Bought a scroll of identify for 36 gold pieces
 60982 | Bazaar   | Bought a ration for 90 gold pieces
 60982 | Bazaar   | Bought a ration for 90 gold pieces
 60982 | Bazaar   | Bought a scroll of teleportation for 54 gold pieces
 61019 | Depths:5 | Reached XP level 25. HP: 136/169 MP: 28/37
 61625 | Depths:5 | Received a gift from Nemelex Xobeh
 62436 | Depths:5 | Received a gift from Nemelex Xobeh
 62436 | Depths:5 | Found a gate to the Realm of Zot.
 62590 | Depths:5 | Found Facy's Book Emporium.
 63004 | Crypt:1  | Entered Level 1 of the Crypt
 63585 | Crypt:1  | Received a gift from Nemelex Xobeh
 64225 | Crypt:1  | Received a gift from Nemelex Xobeh
 65022 | Crypt:2  | Received a gift from Nemelex Xobeh
 65605 | Crypt:3  | Entered Level 3 of the Crypt
 65651 | Crypt:3  | Received a gift from Nemelex Xobeh
 65861 | Crypt:3  | Reached XP level 26. HP: 149/175 MP: 28/37
 66429 | Crypt:3  | Received a gift from Nemelex Xobeh
 66634 | Crypt:3  | Identified the Grimoire of Unholy Magic
 66849 | Crypt:3  | Received a gift from Nemelex Xobeh
 66920 | Crypt:3  | Found a basalt altar of Yredelemnul.
 67193 | Crypt:3  | Identified the cursed +1 robe "Bifough" {rCorr Stlth+}
 67193 | Crypt:3  | Identified the ring of Dyurit {+Blink rN+ MR+}
 67272 | Crypt:3  | Got a scorched bronze ring
 67272 | Crypt:3  | Got a clouded ivory ring
 67273 | Crypt:3  | Identified the +10 long sword of Mischeak {flame, rC-
                  | Str+6}
 67273 | Crypt:3  | Identified the ring "Siolerou" {rC- rN+ MR+++ Str+3 SInv}
 67275 | Crypt:3  | Identified the ring "Dah Maqy" {*Corrode rN+ Int+2 Dex+2
                  | SInv} (You found it on level 3 of the Crypt)
 67282 | Crypt:3  | Identified the ring "Ymodoq" {+Blink rPois rN+ Dex+3} (You
                  | found it on level 3 of the Crypt)
 67569 | Crypt:3  | Found a staircase to the Tomb.
 68116 | Crypt:3  | Identified the Incunabulum of Creative Transformation
 68675 | Elf:3    | Entered Level 3 of the Elven Halls
 68699 | Elf:3    | Received a gift from Nemelex Xobeh
 70267 | Elf:3    | Received a gift from Nemelex Xobeh
 70442 | Elf:3    | Identified the ring "Sanaefyv" {rC+ rN+}
 70486 | Elf:3    | Identified the ring of Hicwau Rous {Fire rPois MR+ Str-2
                  | SInv}
 70489 | Elf:3    | Identified the +5 scale mail of Osaulaf {rElec Dex+3}
 70725 | Elf:3    | Identified Wyh Samet's Guide on Spatial Changing
 71162 | Elf:2    | Received a gift from Nemelex Xobeh
 71307 | Elf:2    | Reached XP level 27. HP: 156/184 MP: 28/37
 73169 | Depths:1 | Killed a juggernaut
 73182 | Depths:1 | Killed a juggernaut
 73199 | Depths:1 | Killed Arielle's ghost
 73737 | Vaults:5 | Entered Level 5 of the Vaults
 73768 | Vaults:5 | Identified the +2 long sword "Ahophet" {slice, Stlth+}
 73888 | Vaults:5 | Received a gift from Nemelex Xobeh
 74694 | Vaults:5 | Received a gift from Nemelex Xobeh
 74854 | Vaults:5 | Identified the cursed +0 battleaxe of Honour {venom, rF+}
 75032 | Vaults:5 | Got a silver rune of Zot
 75037 | Vaults:5 | Identified the Grimoire of Dusty Companions
 75648 | Vaults:3 | Bought an uncursed ring of resist corrosion for 200 gold
                  | pieces
 76032 | Slime:1  | Entered Level 1 of the Pits of Slime
 76032 | Slime:1  | Received a gift from Nemelex Xobeh
 76194 | Slime:3  | Noticed Dissolution
 76231 | Slime:2  | Killed Dissolution
 76418 | Slime:3  | Gained mutation: You are frail. (-10% HP) [a shining eye]
 77099 | Slime:5  | Entered Level 5 of the Pits of Slime
 77376 | Slime:5  | Received a gift from Nemelex Xobeh
 77387 | Slime:5  | Found a viscous altar of Jiyva.
 77557 | Slime:5  | Gained mutation: You are clumsy. (Dex -2) [a shining eye]
 77578 | Slime:5  | Noticed the Royal Jelly
 77582 | Slime:5  | Identified the +3 demon trident of the Mosquito {elec,
                  | *Corrode +Blink rPois MR+}
 77582 | Slime:5  | Identified the +2 trident of Disharmony {pierce, +Blink rF+
                  | rC-}
 77584 | Slime:5  | Noticed a shard shrike shaped Royal Jelly
 77584 | Slime:5  | the Royal Jelly changed into a shard shrike shaped Royal
                  | Jelly
 77585 | Slime:5  | Killed a shard shrike shaped Royal Jelly
 78044 | Slime:5  | Identified the Incunabulum of Glacial Translocation
 78065 | Slime:5  | Identified the Reference Book on Dislocation and the
                  | Snowflakes
 78071 | Slime:5  | Identified Sif Muna's Disquisition on Unstable Necromancy
 78078 | Slime:5  | Got a slimy rune of Zot
 78080 | Slime:5  | Got a pitted silver ring
 78101 | Slime:5  | Identified the Handbook of Gliding Toxins
 78354 | Slime:5  | Received a gift from Nemelex Xobeh
 78446 | Slime:5  | Identified the ring of Rabeutoh {Wiz rPois Dex+4 Stlth-}
                  | (You found it on level 5 of the Pits of Slime)
 78483 | Slime:5  | Lost mutation: Your mind is acute. (Int +2) [potion of
                  | mutation]
 78483 | Slime:5  | Lost mutation: You are frail. (-10% HP) [potion of
                  | mutation]
 78483 | Slime:5  | Lost mutation: You are clumsy. (Dex -2) [potion of
                  | mutation]
 78483 | Slime:5  | Gained mutation: You are occasionally teleported next to
                  | monsters. [potion of mutation]
 78483 | Slime:5  | Gained mutation: You have a pair of small antennae on your
                  | head. [potion of mutation]
 78483 | Slime:5  | Gained mutation: You are partially covered in iridescent
                  | scales. (AC +2) [potion of mutation]
 79149 | Orc:2    | Bought a potion of mutation for 264 gold pieces
 79151 | Orc:2    | Lost mutation: You have a pair of small antennae on your
                  | head. [potion of mutation]
 79151 | Orc:2    | Lost mutation: You are occasionally teleported next to
                  | monsters. [potion of mutation]
 79151 | Orc:2    | Gained mutation: You expend magic power (3 MP) to
                  | strengthen your wands. [potion of mutation]
 79151 | Orc:2    | Gained mutation: You have sharp fingernails. [potion of
                  | mutation]
 79151 | Orc:2    | Gained mutation: You evolve. [potion of mutation]
 79151 | Orc:2    | Gained mutation: You are agile. (Dex +2) [potion of
                  | mutation]
 79301 | Depths:1 | Voluntarily entered the Abyss.
 79303 | Abyss:1  | Gained mutation: You have supernaturally acute eyesight.
                  | (SInv) [evolution]
 79370 | Abyss:2  | Found a sacrificial altar of Ru.
 79512 | Abyss:3  | Found a corrupted altar of Lugonu.
 79625 | Abyss:3  | Got an abyssal rune of Zot
 79671 | Abyss:3  | Received a gift from Nemelex Xobeh
 79687 | Abyss:3  | Noticed an ancient lich
 79700 | Depths:1 | Escaped the Abyss
 79871 | Hell     | Entered the Vestibule of Hell
 79871 | Hell     | Noticed Geryon
 80695 | Hell     | Gained mutation: You are dopey. (Int -2) [a cacodemon]
 80705 | Hell     | Gained mutation: You occasionally shout uncontrollably at
                  | your foes. [a cacodemon]
 80720 | Hell     | Killed Geryon
 81021 | Hell     | Found a gateway to the decaying netherworld of Tartarus.
 81108 | Hell     | Found a gateway to the freezing wastes of Cocytus.
 81190 | Hell     | Received a gift from Nemelex Xobeh
 81241 | Hell     | Found a gateway to the Iron City of Dis.
 81274 | Hell     | Found a gateway to the ashen valley of Gehenna.
 83289 | Zot:1    | Entered Level 1 of the Realm of Zot
 83289 | Zot:1    | Noticed an ancient lich
 83316 | Depths:5 | Killed an ancient lich
 84085 | Zot:1    | Received a gift from Nemelex Xobeh
 84617 | Coc:1    | Entered Level 1 of Cocytus
 85109 | D:5      | Bought a scroll of identify for 28 gold pieces
 85109 | D:5      | Bought a scroll of identify for 28 gold pieces
 85109 | D:5      | Bought a scroll of identify for 28 gold pieces
 85109 | D:5      | Bought a scroll of identify for 28 gold pieces
 85109 | D:5      | Bought a scroll of fog for 28 gold pieces
 85109 | D:5      | Bought a scroll of enchant armour for 105 gold pieces
 85157 | D:4      | Bought a scroll of identify for 52 gold pieces
 85157 | D:4      | Bought a scroll of teleportation for 78 gold pieces
 85157 | D:4      | Bought a scroll of identify for 52 gold pieces
 85157 | D:4      | Bought a scroll of fear for 91 gold pieces
 85157 | D:4      | Bought a scroll of enchant weapon for 195 gold pieces
 85590 | Orc:2    | Bought a scroll of enchant weapon for 247 gold pieces
 85590 | Orc:2    | Bought a wand of iceblast (5) for 132 gold pieces
 87055 | Coc:2    | Received a gift from Nemelex Xobeh
 87358 | Coc:2    | Received a gift from Nemelex Xobeh
 87437 | Coc:3    | Gained mutation: You are frail. (-10% HP) [mutagenic glow]
 87498 | Coc:3    | Gained mutation: Your body sometimes deteriorates upon
                  | taking damage. [mutagenic glow]
 87745 | Coc:5    | Received a gift from Nemelex Xobeh
 88419 | Coc:3    | Reached skill level 27 in Fighting
 88562 | Coc:6    | Received a gift from Nemelex Xobeh
 88586 | Coc:7    | Entered Level 7 of Cocytus
 88593 | Coc:7    | Identified the -2 hand axe of Supply {drain, Str+4}
 89121 | Hell     | Lost mutation: You expend magic power (3 MP) to strengthen
                  | your wands. [potion of mutation]
 89121 | Hell     | Lost mutation: Your body sometimes deteriorates upon taking
                  | damage. [potion of mutation]
 89121 | Hell     | Gained mutation: You are very frail. (-20% HP) [potion of
                  | mutation]
 89121 | Hell     | Gained mutation: You are partially covered in yellow
                  | scales. (AC +2) [potion of mutation]
 89121 | Hell     | Gained mutation: You are very agile. (Dex +4) [potion of
                  | mutation]
 89122 | Hell     | Lost mutation: You are very frail. (-20% HP) [potion of
                  | mutation]
 89122 | Hell     | Lost mutation: You are very agile. (Dex +4) [potion of
                  | mutation]
 89122 | Hell     | Lost mutation: You have supernaturally acute eyesight.
                  | (SInv) [potion of mutation]
 89122 | Hell     | Gained mutation: You have very sharp fingernails. [potion
                  | of mutation]
 89122 | Hell     | Gained mutation: You have a pair of small antennae on your
                  | head. [potion of mutation]
 89123 | Hell     | Lost mutation: You are dopey. (Int -2) [potion of mutation]
 89123 | Hell     | Lost mutation: You are frail. (-10% HP) [potion of
                  | mutation]
 89123 | Hell     | Lost mutation: You occasionally shout uncontrollably at
                  | your foes. [potion of mutation]
 89123 | Hell     | Gained mutation: You are frail. (-10% HP) [potion of
                  | mutation]
 89123 | Hell     | Gained mutation: You are resistant to hostile enchantments.
                  | (MR+) [potion of mutation]
 89124 | Hell     | Lost mutation: You evolve. [potion of mutation]
 89124 | Hell     | Lost mutation: You are agile. (Dex +2) [potion of mutation]
 89124 | Hell     | Lost mutation: You have very sharp fingernails. [potion of
                  | mutation]
 89124 | Hell     | Lost mutation: You are frail. (-10% HP) [potion of
                  | mutation]
 89124 | Hell     | Gained mutation: You have a somewhat thin skeletal
                  | structure. (Dex +2, Stealth) [potion of mutation]
 89752 | Coc:1    | Learned a level 3 spell: Regeneration
 89898 | Coc:5    | Reached skill level 1 in Charms
 89898 | Coc:5    | Reached skill level 1 in Necromancy
 89898 | Coc:5    | Reached skill level 1 in Evocations
 90062 | Coc:7    | Reached skill level 27 in Armour
 90899 | Coc:7    | Reached skill level 5 in Charms
 90899 | Coc:7    | Reached skill level 5 in Evocations
 90965 | Coc:7    | Reached skill level 5 in Necromancy
 91166 | Coc:7    | HP: 9/199 [alligator simulacrum[the effects of Hell] (4)]
 91817 | Depths:4 | Gained mutation: You are weak. (Str -2) [a shining eye]
 91870 | Depths:4 | Got a scorched bronze amulet
 91871 | Depths:4 | Identified the amulet "Tuazuidd" {Faith rPois rC+} (You
                  | found it on level 4 of the Depths)
 91939 | Pan      | Entered Pandemonium
 92074 | Pan      | Found an exit through the horrors of the Abyss.
 92091 | Pan      | Got a pitted hat
 92097 | Pan      | Identified the +0 hat of Recklessness {rPois rF+ Str-2
                  | Dex+2} (You acquired it in Pandemonium)
 92298 | Pan      | Received a gift from Nemelex Xobeh
 92431 | Pan      | Received a gift from Nemelex Xobeh
 92470 | Pan      | Gained mutation: You are frail. (-10% HP) [a neqoxec]
 92525 | Pan      | Noticed Coapoys Jehu the pandemonium lord
 92542 | Pan      | Killed Coapoys Jehu the pandemonium lord
 92819 | Pan      | Gained mutation: You are clumsy. (Dex -2) [a neqoxec]
 92824 | Pan      | Gained mutation: Your body sometimes deteriorates upon
                  | taking damage. [a neqoxec]
 92957 | Pan      | Reached skill level 5 in Dodging
 93165 | Pan      | Entered the realm of Mnoleg.
 93179 | Pan      | Gained mutation: You tend to lose your temper in combat. [a
                  | cacodemon]
 93193 | Pan      | Noticed Mnoleg
 93212 | Pan      | Gained mutation: You are very weak. (Str -4) [a shining
                  | eye]
 93222 | Pan      | Gained mutation: Potions are less effective at restoring
                  | your health. [a cacodemon]
 93225 | Pan      | Gained mutation: You often lose your temper in combat. [a
                  | shining eye]
 93237 | Pan      | Gained mutation: Your magical capacity is low. (-10% MP) [a
                  | shining eye]
 93239 | Pan      | Killed Mnoleg
 93254 | Pan      | Paralysed by a floating eye for 3 turns
 93289 | Pan      | Gained mutation: Your body often deteriorates upon taking
                  | damage. [a neqoxec]
 93342 | Pan      | Gained mutation: Your magical capacity is very low. (-20%
                  | MP) [a neqoxec]
 93416 | Pan      | Gained mutation: Potions are poor at restoring your health.
                  | [a neqoxec]
 93432 | Pan      | Got a glowing rune of Zot
 93569 | Pan      | Received a gift from Nemelex Xobeh
 94086 | Pan      | Found an exit through the horrors of the Abyss.
 94204 | Pan      | Gained mutation: Scrolls take you a little longer to read.
                  | [a cacodemon]
 94205 | Pan      | Lost mutation: You have a pair of small antennae on your
                  | head. [a cacodemon]
 94207 | Pan      | Gained mutation: You occasionally shout uncontrollably at
                  | your foes. [a cacodemon]
 94331 | Pan      | Gained mutation: You do not regenerate when monsters are
                  | visible. [a neqoxec]
 94341 | Pan      | Identified the Reference Book on Congealing Companions
 94383 | Pan      | Gained mutation: You are very clumsy. (Dex -4) [a neqoxec]
 94457 | Pan      | Received a gift from Nemelex Xobeh
 94502 | Pan      | Noticed Mennas
 94546 | Pan      | Killed Mennas
 94916 | Pan      | Noticed Gehisej the pandemonium lord
 94941 | Pan      | HP: 8/179 [Gehisej the pandemonium lord (1)]
 94942 | Pan      | Slain by Gehisej the pandemonium lord

Levels and vault maps discovered:
D:1:      kennysheep_arrival_seaside, layout_basic, minmay_tromino_i2
D:2:      layout_loops_ring, lemuel_crystal_altar, lemuel_blue_sif_altar,
          uniq_natasha
D:3:      layout_loops_ring, gammafunk_ghost_necromancy, corexii_shack,
          minmay_strange_pillars, yredelemnul_altar_generic
D:4:      layout_loops_corners, serial_shops, shop, nicolae_alphabet_shops
D:5:      layout_basic, first_ration, serial_shops, shop,
          nicolae_shop_behind_doors, nicolae_shop_stone, kennysheep_little_box,
          shop, minmay_fire_ice_demons
D:6:      layout_cave_pools, minmay_temple_entry_tees, minmay_manual_macuahuitl
D:7:      minmay_the_grid_octo_tiled_octocenter [minmay_the_grid_octo_checkered,
          minmay_the_grid_octo_tetromino_candy, minmay_the_grid_octo_clover_2,
          minmay_the_grid_octo_fan_narrow,
          minmay_the_grid_octo_prize_single_spiral,
          minmay_the_grid_square_5x5_minimal,
          minmay_the_grid_square_5x5_detours, minmay_the_grid_square_5x5_forky,
          minmay_the_grid_square_5x5_three_walls], layout_layer_cave
D:8:      layout_loops_ring, dpeg_lair_monsters, blue_anna_alchemist
          [blue_anna_fruit_fields, blue_anna_fruit_fields],
          kennysheep_generic_room_12, uniq_grum
D:9:      layout_basic, serial_shops, shop
D:10:     layout_basic, enter_bailey_6, uniq_josephine
D:11:     layout_layer_cave, david_orc_5, uniq_sonja
D:12:     layout_stronghold, gammafunk_ghost_icy, bloody_trog
D:13:     layout_gridville, grunt_vaults_entry_tiered
D:14:     layout_basic, hex_tiny, uniq_louise
D:15:     gammafunk_depths_entry_grave, layout_grid_maze,
          chequers_serial_rivers_micro_b, minmay_fountain_box
Temple:   dpeg_three_leaves_temple
Lair:1:   layout_misc_corridors, minivault_19, grunt_forest_small_clearings,
          grunt_megastairs_1
Lair:2:   minmay_lair_oklob_tunnel, layout_misc_corridors,
          minmay_shoals_entry_hut, nicolae_spider_entry_non_spiders
Lair:3:   beast_lair_carwin_large_4, layout_cave_pods, serial_bayou_crossing
Lair:4:   layout_loops_ring, grunt_megastairs_5, infiniplex_staircase_pool,
          lemuel_fruit_tree
Lair:5:   layout_small_grid, disabler_island, grunt_megastairs_4,
          infiniplex_staircase_pool_2
Lair:6:   hangedman_lair_caniforms_friends, layout_regular_city,
          dpeg_slime_entry_enclosed_altar, nicolae_volcano_entry_vermiform,
          chequers_serial_rivers_micro_d
Shoals:1: layout_shoals
Shoals:2: layout_shoals, nicolae_shoals_undead_eyrie
Shoals:3: layout_shoals
Shoals:4: shoals_end_grunt_garden, layout_shoals, shoals_ilsuiw_ice
Spider:1: layout_spider_delve, nicolae_looking_at_the_future
Spider:2: layout_spider_delve, portal_ice_cave_entry_dragon, drop_trap
Spider:3: nicolae_spider_mines_1, uniq_roxanne, uniq_agnes, uniq_arachne
Spider:4: johnstein_spider_rune_arachne_lair
Slime:1:  layout_caves
Slime:2:  layout_caves
Slime:3:  cheibrodos_slime_lost_civilization_2, layout_caves, uniq_dissolution
Slime:4:  layout_caves
Slime:5
Orc:1:    layout_caves, serial_shops, shop
Orc:2:    st_orc_rangers, layout_caves, gauntlet_entry_generic
Elf:1:    layout_loops_cross, serial_shops, shop, hangedman_elf_disciples,
          uniq_frances
Elf:2:    layout_geoelf_octagon, serial_shops, shop, minmay_misc_feat_columns
Elf:3:    minmay_elf_hall_statues, layout_loops_cross
Vaults:1: gammafunk_vaults_ghost_grave, vaults_mumra_bighexcomb,
          dpeg_vaults_monster_row, vaults_mumra_hexcomb, ontoclasm_vaults_chip,
          v_alt_pattern_6, ontoclasm_vaults_eye, vaults_dpeg_spiral,
          nicolae_vaults_asterisk, hangedman_vaults_restitches,
          nicolae_vaults_big_angled_halls, nicolae_vaults_shelves_hall,
          nicolae_vaults_shelves_hall, nicolae_vaults_little_ls,
          nicolae_vaults_little_squares_1, layout_vaults_maze, serial_shops,
          nicolae_shop_waterfront
Vaults:2: hangedman_vaults_stream, hangedman_vaults_slice,
          minmay_crypt_entry_necro_gods, v_misc_18, vaults_mumra_lcd,
          vaults_dpeg_cross, v_misc_30, v_alt_pattern_6,
          hangedman_vaults_corner_blocks, hangedman_vaults_variations,
          layout_vaults_omnibox
Vaults:3: v_misc_4, grunt_vaults_funnel, v_alt_pattern_3, v_pattern_3,
          ontoclasm_vaults_shuriken, hangedman_vaults_stitches,
          nicolae_vaults_network_square, vaults_room_corners,
          grunt_vaults_focal, vaults_room_pools,
          nicolae_vaults_little_squares_4, nicolae_vaults_shelves_hall,
          vaults_room_fancy_cross, layout_vaults_omnicross, serial_shops, shop
Vaults:4: nicolae_vaults_twisting_passages, v_misc_15, ontoclasm_vaults_spin,
          v_misc_10, vaults_room_corners, v_misc_2, vaults_mumra_minichess,
          nicolae_vaults_little_squares_2, nicolae_vaults_rhombus_5,
          layout_vaults_chaotic_city, basic_altar
Vaults:5: serial_shops
Crypt:1:  layout_gridlike, grunt_megastairs_2, grunt_crypt_arrival_webbed
Crypt:2:  layout_catacombs
Crypt:3:  evilmike_haunted_forest
Depths:1: layout_basic, pf_hell_entry_tar_river, hangedman_decor_slide_cut,
          gammafunk_ghost_wrathful_warriors, abyss_entry_small_statue_room,
          lemuel_flamethrower_2, uniq_sojobo
Depths:2: grunt_deathspiral_small, layout_honeycomb, hell_entry,
          hangedman_abyss_entry_splay, grunt_decor_arrowhead,
          nicolae_blasting_shop, nrook_kobold_shadow_demons,
          infiniplex_staircase_zigzag_1
Depths:3: four-leaf_vault, layout_cave_pools, special_room
          [special_room_morgue], pan_entry, hell_entry, lemuel_crystal_altar,
          minmay_orc_keep
Depths:4: gammafunk_jiyva_shrine, layout_cave_pools, enter_ziggurat_b,
          minivault_11, hell_entry, abyss_entry, uniq_frederick,
          uniq_saint_roka, uniq_xtahua
Depths:5: evilmike_zot_entry_diamond, layout_cave_shapes,
          nicolae_abyss_entry_one_way_or_another, serial_shops, bzr_entry_dummy,
          shop, nicolae_shop_trees, nicolae_shop_behind_doors,
          grunt_mini_vestibule, rand_demon_pan_entry_7
Hell
Coc:1:    layout_ice_bergs
Coc:2:    layout_ice_bergs
Coc:3:    layout_cocytus_water_paths
Coc:4:    layout_cocytus_water_paths
Coc:5:    layout_ice_bergs
Coc:6:    layout_ice_bergs, door_vault
Coc:7:    coc_grunt
Zot:1:    ebering_klown_carousel, layout_concentric_octagons, zot_minivault_1
Abyss:1
Abyss:2
Abyss:3:  evilmike_abyss_exit_7, minivault_27, onia_ninara_dug_in_and_dangerous
Pan:      evilmike_mini_pan_doors_b, layout_gridville, uniq_mennas_pan
Bazaar:   bazaar_kb_twisted_cavern
Bailey:   bailey_axe_minmay_hex_keep, bailey
IceCv:    ice_cave_caverns_01
Volcano:  volcano_pools

Skill      XL: |  1  2  3  4  5  6  7  8  9 10 11 12 13 14 15 16 17 18 19 20 21 22 23 24 25 26 27 |
---------------+----------------------------------------------------------------------------------+-----
Fighting       | 4 5 6 7 9 10 11 12 13 14 15 16 17 18 19 20 21 27 | 27.0
Maces & Flails | 4 5 6 7 8 |  8.2
Armour         | 1 2 3 5 7 10 12 14 15 16 17 18 19 20 27 | 27.0
Shields        | 1 3 4 8 10 11 12 13 14 15 16 17 19 21 24 25 | 25.0
Invocations    | 2 4 7 9 10 11 12 13 14 15 16 17 19 20 | 20.0
Axes           | 4 6 8 10 12 13 14 15 16 17 | 17.5
Hexes          | 2 3 5 6 |  6.0
Charms         | 9 |  9.2
Necromancy     | 8 |  8.4
Evocations     | 9 |  9.2
Dodging        | 8 |  8.7
Stealth        | |  2.1

Action                   |  1- 3 |  4- 6 |  7- 9 | 10-12 | 13-15 | 16-18 | 19-21 | 22-24 | 25-27 || total
-------------------------+-------+-------+-------+-------+-------+-------+-------+-------+-------++-------
Melee: Mace              |   119 |   221 |       |   631 |       |       |       |       |       ||   971
       Flail             |       |    69 |   436 |       |       |       |       |       |       ||   505
       Broad axe         |       |       |       |    17 |   341 |  1564 |  1623 |  1503 |  3780 ||  8828
       Demon whip        |       |       |       |       |       |     8 |       |       |  1462 ||  1470
       Sacred scourge    |       |       |       |       |       |       |       |       |    23 ||    23
 Fire: Hunting sling     |     3 |    92 |    21 |    18 |    49 |    13 |       |       |       ||   196
 Cast: Confusing Touch   |       |       |       |       |       |     3 |     1 |       |       ||     4
       Regeneration      |       |       |       |       |       |       |       |       |    12 ||    12
Invok: Stack Five        |       |       |       |       |     1 |       |       |       |     3 ||     4
       Deal Four         |       |       |       |       |       |     3 |     1 |     2 |    11 ||    17
       Triple Draw       |       |       |       |       |       |       |       |       |     2 ||     2
 Abil: Draw Destruction  |       |       |       |    27 |     6 |    49 |    11 |    26 |    57 ||   176
       Draw Summoning    |       |       |       |     6 |       |     3 |    10 |     7 |    20 ||    46
       Draw Escape       |       |       |       |     1 |       |       |       |       |     4 ||     5
       Fly               |       |       |       |       |       |     1 |       |       |     1 ||     2
       Draw Stack        |       |       |       |       |       |       |       |       |    10 ||    10
       Stop Flying       |       |       |       |       |       |       |       |       |     2 ||     2
Evoke: Wand              |       |       |       |     3 |       |       |       |     1 |     6 ||    10
       Lamp of fire      |       |       |       |       |       |     2 |       |     1 |       ||     3
       Phantom mirror    |       |       |       |       |       |       |       |       |     2 ||     2
  Use: Scroll            |       |     8 |     6 |     9 |    10 |    10 |     4 |     7 |    40 ||    94
       Potion            |       |       |       |     4 |     3 |       |       |     1 |    28 ||    36
 Stab: Sleeping          |     2 |     2 |     3 |     2 |     9 |       |       |       |       ||    18
       Distracted        |       |       |       |       |       |     2 |     1 |       |     3 ||     6
       Confused          |       |       |       |       |       |       |     2 |       |       ||     2
       Petrifying        |       |       |       |       |       |       |       |     1 |     2 ||     3
       Petrified         |       |       |       |       |       |       |       |       |     2 ||     2
  Eat: Chunk             |     2 |    11 |    14 |    22 |    17 |    35 |    21 |    21 |    22 ||   165
       Ration            |       |       |     1 |     2 |       |     4 |     4 |     6 |    28 ||    45
Armor: Robe              |    67 |     7 |       |       |       |       |       |       |       ||    74
       Ring mail         |       |   147 |   195 |   306 |   174 |    20 |       |       |       ||   842
       Leather armour    |       |       |     4 |       |       |       |       |       |       ||     4
       Chain mail        |       |       |       |       |       |  1208 |   746 |   276 |       ||  2230
       Crystal plate arm |       |       |       |       |       |       |       |   656 |  1460 ||  2116
       Gold dragon scale |       |       |       |       |       |       |       |       |  2171 ||  2171
Dodge: Dodged            |    98 |   216 |   180 |   320 |   173 |   622 |   417 |   313 |  1098 ||  3437
       Deflected         |       |       |       |       |       |     1 |    95 |    21 |       ||   117
Block: Buckler           |       |       |    69 |   174 |    73 |       |       |       |  1524 ||  1840
       Shield            |       |       |       |       |       |  1142 |   941 |  1188 |  1043 ||  4314
       Reflection        |       |       |       |       |       |       |       |    52 |    90 ||   142
       Large shield      |       |       |       |       |       |       |       |       |  1469 ||  1469

Table legend:
 A = Non-vault XP
 B = Vault XP
 C = Vault XP percentage of total XP
 D = Non-vault monster count
 E = Vault monster count
 F = Vault count percentage of total count
                 A         B        C        D         E       F
            +---------+---------+-------+---------+---------+-------
      Total | 1179564 |  911838 |  43.6 |    2165 |    1261 |  36.8
            +---------+---------+-------+---------+---------+-------
        D:1 |      42 |       2 |   4.5 |      30 |       2 |   6.2
        D:2 |     148 |      35 |  19.1 |      27 |       1 |   3.6
        D:3 |     143 |     164 |  53.4 |      35 |       4 |  10.3
        D:4 |     377 |       0 |   0.0 |      26 |       0 |   0.0
        D:5 |     402 |      60 |  13.0 |      14 |       2 |  12.5
        D:6 |     868 |    1709 |  66.3 |      15 |       4 |  21.1
        D:7 |     985 |    3023 |  75.4 |      32 |      24 |  42.9
        D:8 |    1967 |    1040 |  34.6 |      36 |       7 |  16.3
        D:9 |    1151 |       0 |   0.0 |      21 |       0 |   0.0
       D:10 |    2493 |    2037 |  45.0 |      19 |       6 |  24.0
       D:11 |    2266 |    2193 |  49.2 |      13 |      23 |  63.9
       D:12 |    4766 |    3900 |  45.0 |      42 |      13 |  23.6
       D:13 |    9729 |    6808 |  41.2 |      41 |      25 |  37.9
       D:14 |    8132 |    2809 |  25.7 |      31 |       3 |   8.8
       D:15 |   26907 |   10303 |  27.7 |      40 |       9 |  18.4
     Lair:1 |    5988 |    1697 |  22.1 |      20 |       5 |  20.0
     Lair:2 |    4094 |    3067 |  42.8 |      24 |      14 |  36.8
     Lair:3 |    5062 |    1673 |  24.8 |      21 |      15 |  41.7
     Lair:4 |    1066 |     984 |  48.0 |       7 |       5 |  41.7
     Lair:5 |    5030 |    1553 |  23.6 |      21 |       5 |  19.2
     Lair:6 |    7218 |   10912 |  60.2 |      30 |      57 |  65.5
   Shoals:1 |    7655 |       0 |   0.0 |      14 |       0 |   0.0
   Shoals:2 |    6204 |    1216 |  16.4 |      12 |       6 |  33.3
   Shoals:3 |   22638 |       0 |   0.0 |      49 |       0 |   0.0
   Shoals:4 |   24021 |   19278 |  44.5 |      44 |      33 |  42.9
   Spider:1 |   15813 |    1806 |  10.3 |      42 |      15 |  26.3
   Spider:2 |   10150 |     953 |   8.6 |      32 |       1 |   3.0
   Spider:3 |    4857 |    9558 |  66.3 |      12 |      11 |  47.8
   Spider:4 |   10951 |   30826 |  73.8 |      26 |      55 |  67.9
    Slime:1 |    2657 |       0 |   0.0 |       9 |       0 |   0.0
    Slime:2 |   25563 |   11097 |  30.3 |      45 |       1 |   2.2
    Slime:3 |   23576 |       0 |   0.0 |      38 |       0 |   0.0
    Slime:4 |    4582 |       0 |   0.0 |       8 |       0 |   0.0
    Slime:5 |   11424 |   25541 |  69.1 |      21 |      14 |  40.0
      Orc:1 |    1406 |     137 |   8.9 |       8 |       1 |  11.1
      Orc:2 |    6141 |    4426 |  41.9 |      58 |      34 |  37.0
      Elf:1 |   12802 |    8136 |  38.9 |      19 |      10 |  34.5
      Elf:2 |   20876 |   22052 |  51.4 |      33 |      29 |  46.8
      Elf:3 |   10188 |   51495 |  83.5 |      24 |      32 |  57.1
   Vaults:1 |   18614 |   34375 |  64.9 |      43 |      43 |  50.0
   Vaults:2 |   18987 |   25372 |  57.2 |      31 |      43 |  58.1
   Vaults:3 |   56106 |   13872 |  19.8 |      79 |      24 |  23.3
   Vaults:4 |   38935 |   11320 |  22.5 |      53 |      14 |  20.9
   Vaults:5 |   51335 |  105811 |  67.3 |      73 |      87 |  54.4
    Crypt:1 |   41198 |    2065 |   4.8 |      63 |       2 |   3.1
    Crypt:2 |   37009 |       0 |   0.0 |      48 |       0 |   0.0
    Crypt:3 |       0 |   81601 | 100.0 |       0 |     116 | 100.0
   Depths:1 |   17303 |   45966 |  72.7 |      31 |      35 |  53.0
   Depths:2 |   32375 |   41706 |  56.3 |      45 |      44 |  49.4
   Depths:3 |   41304 |   52919 |  56.2 |      43 |      45 |  51.1
   Depths:4 |   44128 |   25486 |  36.6 |      56 |      21 |  27.3
   Depths:5 |   62946 |   43814 |  41.0 |      51 |      24 |  32.0
       Hell |   25969 |   24275 |  48.3 |      25 |      39 |  60.9
      Coc:1 |   20153 |       0 |   0.0 |      33 |       0 |   0.0
      Coc:2 |   22590 |       0 |   0.0 |      45 |       0 |   0.0
      Coc:3 |   15289 |       0 |   0.0 |      34 |       0 |   0.0
      Coc:4 |    1494 |       0 |   0.0 |      10 |       0 |   0.0
      Coc:5 |   46217 |       0 |   0.0 |      34 |       0 |   0.0
      Coc:6 |   15533 |       0 |   0.0 |      14 |       0 |   0.0
      Coc:7 |   85209 |   25669 |  23.2 |      95 |      31 |  24.6
      Zot:1 |   57013 |   30829 |  35.1 |      33 |      17 |  34.0
    Abyss:2 |    1016 |       0 |   0.0 |       5 |       0 |   0.0
    Abyss:3 |   13026 |   16570 |  56.0 |      30 |      21 |  41.2
        Pan |  105477 |   72660 |  40.8 |     152 |      56 |  26.9
     Bailey |       0 |    4132 | 100.0 |       0 |      69 | 100.0
      IceCv |       0 |   10278 | 100.0 |       0 |      59 | 100.0
    Volcano |       0 |    2628 | 100.0 |       0 |       5 | 100.0
            +---------+---------+-------+---------+---------+-------
